 Dungeon Crawl Stone Soup version 0.21.1-1-g345015f (webtiles) character file.

471 Amnesiac the Grave Robber (level 6, -1/47 HPs)
             Began as a Mummy Necromancer on Mar 12, 2018.
             Slain by a phantom (8 damage)
             ... on level 5 of the Dungeon.
             The game lasted 00:07:48 (4413 turns).

Amnesiac the Grave Robber (Mummy Necromancer)       Turns: 4413, Time: 00:07:49

Health: -1/47      AC:  3    Str: 11    XL:     6   Next: 83%
Magic:  2/12       EV: 14    Int: 17    God:
Gold:   246        SH:  0    Dex: 12    Spells: 3/13 levels left

rFire    x . .     SeeInvis .   c - +3 hand axe (chop)
rCold    + . .     Gourm    .   (no shield)
rNeg     + + +     Faith    .   a - +0 robe
rPois    ∞         Spirit   .   (no helmet)
rElec    .         Reflect  .   (no cloak)
rCorr    .         Harm     +   f - +0 pair of gloves
MR       +....                  (no boots)
Stlth    ++........             g - amulet of harm
HPRegen  0.15/turn              l - ring of protection from magic
MPRegen  0.13/turn              (no ring)

@: very slightly contaminated
A: no food or potions, fire vulnerability, cold resistance 1, negative energy
resistance 3, torment resistance, unbreathing
a: no special abilities


You were on level 5 of the Dungeon.
You were not hungry.

You visited 1 branch of the dungeon, and saw 5 of its levels.

You collected 246 gold pieces.

Inventory:

Hand Weapons
 c - a +3 hand axe of chopping (weapon)
Missiles
 j - 45 poisoned needles
 p - 86 arrows
Armour
 a - a +0 robe (worn)
 f - a +0 pair of gloves (worn)
Jewellery
 g - an amulet of harm (around neck)
 l - a ring of protection from magic (left hand)
Wands
 o - a wand of digging (19)
Scrolls
 d - a scroll of identify {!r}
 e - a scroll of amnesia {!r}
 h - a scroll of remove curse {!r}
 i - 2 scrolls of fear {!r}
 k - 3 scrolls of enchant weapon {!r}
 m - 2 scrolls of teleportation {!r}
 r - a scroll of enchant armour {!r, unknown}
Books
 b - a book of Necromancy

   Spells                             Type                      Level
   a - Pain                           Necromancy                   1
   b - Animate Skeleton               Necromancy                   1
   c - Vampiric Draining              Necromancy                   3
   d - Regeneration                   Charms/Necromancy            3
   e - Animate Dead                   Necromancy                   4
   f - Borgnjor's Vile Clutch         Necromancy/Earth             5
 n - a book of Changes

   Spells                             Type                      Level
   a - Beastly Appendage              Transmutation                1
   b - Sticks to Snakes               Transmutation                2
   c - Spider Form                    Transmutation/Poison         3
   d - Ice Form                       Ice/Transmutation            4
   e - Blade Hands                    Transmutation                5
 q - a book of Cantrips

   Spells                             Type                      Level
   a - Confusing Touch                Hexes                        1
   b - Animate Skeleton               Necromancy                   1
   c - Summon Small Mammal            Summoning                    1
   d - Apportation                    Translocation                1


   Skills:
 + Level 3.2 Fighting
 * Level 4.5 Dodging
 - Level 1.5 Stealth
 - Level 4.0 Spellcasting
 + Level 4.7 Necromancy


You had 3 spell levels left.
You knew the following spells:

 Your Spells              Type           Power        Failure   Level  Hunger
a - Pain                  Necr           ###.         2%          1    N/A
b - Animate Dead          Necr           N/A          22%         4    N/A
c - Sticks to Snakes      Tmut           #.......     24%         2    N/A
d - Vampiric Draining     Necr           ###.......   7%          3    N/A

Dungeon Overview and Level Annotations

Branches:
Dungeon (5/15)
 Temple: D:4-7

Altars:
Ashenzari
Cheibriados
Fedhas
Kikubaaqudgha
Okawaru
Uskayaw
Yredelemnul

Annotations:
D:3 bmj180's ghost, amateur HaFi
D:5 aMcNicky's ghost, novice OgBe


Innate Abilities, Weirdness & Mutations

You do not eat or drink.
Your flesh is vulnerable to fire.
You are immune to poison.
Your flesh is cold resistant. (rC+)
You are immune to negative energy. (rN+++)
You are immune to unholy pain and torment.
You can survive without breathing.


Message History

The howler monkey closely misses you. The howler monkey hits you.
A phantom comes into view.
You hit the howler monkey.
You kill the howler monkey!
Your magical contamination has completely faded away.
You see here a giant club.
Casting: Vampiric Draining
Confirm with . or Enter, or press ? or * to list all spells.
You can't see any susceptible monsters within range! (Use Z to cast anyway.)
Casting: Vampiric Draining
Confirm with . or Enter, or press ? or * to list all spells.
You can't see any susceptible monsters within range! (Use Z to cast anyway.)
The phantom blinks!
You closely miss the phantom.
The phantom hits you but does no damage.
You slash the phantom!
The phantom is moderately damaged.
The phantom closely misses you. The phantom hits you.
You hit the phantom.
The phantom is moderately damaged.
The phantom hits you but does no damage.
You barely miss the phantom.
The phantom is moderately damaged.
The phantom closely misses you.
You hit the phantom.
The phantom is heavily damaged.
The phantom hits you. The phantom closely misses you.
You hit the phantom but do no damage.
The phantom is moderately damaged.
The phantom closely misses you.
You barely miss the phantom.
The phantom is moderately damaged.
The phantom hits you!
* * * LOW HITPOINT WARNING * * *
The phantom blinks!
No target in view!
No target in view!
No target in view!
Casting: Vampiric Draining
Confirm with . or Enter, or press ? or * to list all spells.
Okay, then.
A centaur skeleton comes into view.
You hit the centaur skeleton.
The centaur skeleton is moderately damaged.
The centaur skeleton hits you.
* * * LOW HITPOINT WARNING * * *
The centaur skeleton hits you but does no damage.
Casting: Vampiric Draining
Confirm with . or Enter, or press ? or * to list all spells.
Okay, then.
Casting: Vampiric Draining
Confirm with . or Enter, or press ? or * to list all spells.
You miscast Sticks to Snakes.
You are very lightly contaminated with residual magic.
Nothing appears to happen.
The centaur skeleton hits you.
* * * LOW HITPOINT WARNING * * *
Casting: Sticks to Snakes
Confirm with . or Enter, or press ? or * to list all spells.
You create a snake!
You now have 86 arrows.
The centaur skeleton hits you.
* * * LOW HITPOINT WARNING * * *
The phantom hits your ball python.
The centaur skeleton closely misses you.
You swap places.
The phantom hits you!
You die...

#..###.#.#.#.#
#............#
#.####.#.#.#.#
##.###.....##
######...........#
.....<..###>####.#
##..###.# #Z# .# #
#.# #S# # #.# #@#
# #.###W###..#
#..........#
#####.###..# #.# #
#)# #.#
#..........#
#.####........


You could see a phantom, a centaur skeleton and a friendly ball python.

Vanquished Creatures
  2 ogres
  A howler monkey (D:5)
  A jelly (D:5)
  2 orc wizards (D:4)
  Jessica (D:2)
  6 adders
  A shadow imp (D:5)
  3 oozes
  A worm (D:2)
  3 dart slugs (D:2)
  3 leopard geckos
  4 orcs
  A giant cockroach (D:4)
  2 gnoll zombies (D:4)
  6 goblins
  9 hobgoblins
  A ball python (D:4)
  6 bats
  8 frilled lizards
  3 kobolds
  A quokka skeleton (D:4)
  8 rats
73 creatures vanquished.

Notes
Turn   | Place    | Note
-------+----------+-------------------------------------------
     0 | D:1      | Amnesiac the Mummy Necromancer began the quest for the Orb.
     0 | D:1      | Reached XP level 1. HP: 13/13 MP: 4/4
    38 | D:1      | Reached XP level 2. HP: 12/20 MP: 6/6
   778 | D:1      | Reached skill level 1 in Fighting
   820 | D:2      | Reached XP level 3. HP: 22/26 MP: 7/7
   839 | D:2      | Found an ancient bone altar of Kikubaaqudgha.
  1540 | D:2      | Noticed Jessica
  1563 | D:2      | Killed Jessica
  1563 | D:2      | Reached XP level 4. HP: 28/32 MP: 7/9
  1742 | D:3      | Noticed bmj180's ghost (amateur HaFi)
  1923 | D:3      | Found a snail-covered altar of Cheibriados.
  2086 | D:3      | Learned a level 3 spell: Vampiric Draining
  2187 | D:3      | Learned a level 4 spell: Animate Dead
  2490 | D:3      | Reached XP level 5. HP: 37/38 MP: 10/10
  2757 | D:4      | Found an iron altar of Okawaru.
  2868 | D:4      | Noticed an ogre
  3098 | D:4      | Found a basalt altar of Yredelemnul.
  3190 | D:4      | Killed an ogre
  3362 | D:4      | Reached XP level 6. HP: 44/46 MP: 7/12
  3651 | D:4      | Found a shattered altar of Ashenzari.
  3651 | D:4      | Found a hide-covered altar of Uskayaw.
  3658 | D:4      | Found a faded altar of an unknown god.
  3660 | D:4      | Found a blossoming altar of Fedhas.
  3662 | D:4      | Found a faded altar of an unknown god.
  3873 | D:5      | Entered Level 5 of the Dungeon
  3893 | D:5      | Learned a level 2 spell: Sticks to Snakes
  4287 | D:5      | Noticed aMcNicky's ghost (novice OgBe)
  4413 | D:5      | Slain by a phantom

Skill      XL: |  1  2  3  4  5  6 |
---------------+-------------------+-----
Dodging        | 2 3 4 |  4.5
Spellcasting   | 3 4 |  4.0
Fighting       | 1 2 3 |  3.2
Stealth        | |  1.5
Necromancy     | |  4.7

Action                   |  1- 3 |  4- 6 || total
-------------------------+-------+-------++-------
Melee: Hand axe          |    83 |   114 ||   197
 Cast: Pain              |       |    24 ||    24
       Vampiric Draining |       |     4 ||     4
       Sticks to Snakes  |       |     4 ||     4
  Use: Scroll            |       |     8 ||     8
 Stab: Sleeping          |     5 |     3 ||     8
Armor: Robe              |     9 |    22 ||    31
Dodge: Dodged            |    45 |   103 ||   148
Block: Large shield      |     7 |       ||     7
